 Dungeon Crawl Stone Soup version 0.31-a0-236-g9a0961fb85 (webtiles) character file.

Game seed: 18233597600107119937

24 qw the Shooter (level 2, -2/24 HPs)
             Began as a Minotaur Hexslinger on July 10, 2023.
             Slain by a kobold
             ... wielding a +2 short sword of holy wrath
              (4 damage)
             ... on level 2 of the Dungeon.
             The game lasted 00:00:18 (987 turns).

qw the Shooter (Minotaur Hexslinger)                 Turns: 987, Time: 00:00:18

Health: -2/24      AC:  5    Str: 12    XL:     2   Next: 79%
Magic:  2/2        EV: 10    Int: 10    God:
Gold:   4          SH:  0    Dex: 12    Spells: 2/3 levels left

rFire   . . .        Y - +1 sling
rCold   . . .        (no shield)
rNeg    . . .        h - +0 ring mail
rPois   .            (helmet restricted)
rElec   .            (no cloak)
rCorr   .            (no gloves)
SInv    .            (no boots)
Will    .....        (no amulet)
Stlth   +            (no ring)
HPRegen 0.24/turn    (no ring)
MPRegen 0.08/turn

%: no passive effects
@: about to teleport
A: horns 2, retaliatory headbutt
a: no special abilities


You were on level 2 of the Dungeon.
You visited 1 branch of the dungeon, and saw 2 of its levels.

You collected 38 gold pieces.
You spent 34 gold pieces at shops.


Innate Abilities, Weirdness & Mutations

You have a pair of horns on your head.
You reflexively headbutt those who attack you in melee.


   Skills:
 - Level 2.0 Fighting
 + Level 3.4 Ranged Weapons
 - Level 2.1 Dodging
 - Level 1.0 Spellcasting
 - Level 2.0 Hexes


You had 2 spell levels left.
You knew the following spells:

 Your Spells              Type           Power      Damage    Failure   Level
a - Slow                  Hex            16%        N/A       34%         1

Your spell library contained the following spells:

 Spells                   Type           Power      Damage    Failure   Level
 Inner Flame              Hex/Fire       2%         N/A       83%         3
 Portal Projectile        Hex/Tloc       4%         N/A       83%         3
 Cause Fear               Hex            2%         N/A       98%         4

Inventory:

Hand Weapons
 Y - a +1 sling (weapon)
Armour
 h - a +0 ring mail (worn)
Scrolls
 a - a scroll of blinking {unknown}
Potions
 g - a potion of curing
 i - a potion of enlightenment
 j - a potion of haste {unknown}

Dungeon Overview and Level Annotations

Branches:
Dungeon (2/15)

Altars:

Shops:
D:1 *


Message History

The adder is moderately wounded.
You shoot a sling bullet. The sling bullet hits the adder.
The adder is severely wounded.
The adder bites you but does no damage.
You shoot a sling bullet.
The sling bullet barely misses the adder.
The adder barely misses you. The adder bites you.
You shoot a sling bullet.
The sling bullet barely misses the adder.
The adder bites you but does no damage. x2
You shoot a sling bullet.
The sling bullet closely misses the adder.
The adder bites you.
You are poisoned.
The adder poisons you!
The kobold hits you with a +2 short sword of holy wrath.
The adder closely misses you.
You shoot a sling bullet.
The sling bullet closely misses the adder.
You feel sick. The kobold barely misses you. The adder bites you.
You shoot a sling bullet.
The sling bullet closely misses the adder.
You feel sick. The adder bites you but does no damage.
The kobold hits you but does no damage. The adder bites you but does no damage.
The kobold hits you with a +2 short sword of holy wrath.
You shoot a sling bullet.
The sling bullet hits the adder but does no damage.
The adder is heavily wounded.
You feel sick. The adder closely misses you. You furiously retaliate!
You headbutt the adder.
The kobold hits you with a +2 short sword of holy wrath.
The adder bites you but does no damage.
987 ||| READING scroll of teleportation.
As you read the scroll of teleportation, it crumbles to dust.
You feel strangely unstable.
You feel sick.
You are no longer poisoned.
The adder bites you.
The kobold hits you with a +2 short sword of holy wrath.
You die...

#. ... .#
#?##### ...##.#
...... ......#
##....#.#....#.
...#.<........
....#......
...###K........
....).S@..#.#
....%.#..##.#
....# ##.##.#
... #.##.# .
#.##.## #.....#
###.#.# #.#.#
..#.##


You could see an adder and a kobold.

Vanquished Creatures
  4 endoplasms
  2 giant cockroaches (D:1)
  3 goblins
  A hobgoblin (D:2)
  A kobold (D:1)
  A quokka (D:2)
  3 ball pythons
  3 bats
  3 rats (D:1)
21 creatures vanquished.

Notes
Turn   | Place    | Note
-------+----------+-------------------------------------------
     0 | D:1      | qw the Minotaur Hexslinger began the quest for the Orb.
     0 | D:1      | Reached XP level 1. HP: 16/16 MP: 1/1
     0 | D:1      | 0 ||| qw: Version: 0.3-a-52-g30416fa
     0 | D:1      | 0 ||| qw: Game counter: 4631
     0 | D:1      | 0 ||| qw: Melee chars always use a shield: true
     0 | D:1      | 0 ||| qw: God list: Okawaru
     0 | D:1      | 0 ||| qw: Allow faded altars: false
     0 | D:1      | 0 ||| qw: Do Orc after clearing Dungeon:15 true
     0 | D:1      | 0 ||| qw: Do second Lair branch before Depths: true
     0 | D:1      | 0 ||| qw: Lair rune preference: random
     0 | D:1      | 0 ||| qw: Goals: Normal
     0 | D:1      | 0 ||| PLANNING D:1-11
    37 | D:1      | Found a faded altar of an unknown god.
   251 | D:1      | Reached skill level 3 in Ranged Weapons
   252 | D:1      | Reached XP level 2. HP: 23/23 MP: 2/2
   341 | D:1      | Found Jagepoeq's Assorted Antiques.
   350 | D:1      | 350 ||| SHOPLISTING agate ring (85 gold, have 38).
   350 | D:1      | 350 ||| BUYING scroll labelled GIANEI AFIPRI (17 gold).
   350 | D:1      | Bought a scroll labelled GIANEI AFIPRI for 17 gold pieces
   350 | D:1      | 350 ||| BUYING scroll labelled MAGGAXKO CYPTA (17 gold).
   350 | D:1      | Bought a scroll labelled MAGGAXKO CYPTA for 17 gold pieces
   350 | D:1      | 350 ||| SHOPLISTING scroll labelled NOISUILINE (17 gold,
                  | have 4).
   350 | D:1      | 350 ||| SHOPLISTING scroll labelled VUZXAE OTOP ELAEDI (17
                  | gold, have 4).
   843 | D:1      | 843 ||| UPGRADING to +0 leather armour.
   853 | D:1      | 853 ||| DROPPING +0 robe.
   854 | D:1      | 854 ||| UPGRADING to +0 ring mail.
   864 | D:1      | 864 ||| DROPPING +0 leather armour.
   865 | D:1      | 865 ||| READING scroll labelled RAKEXUOMMU.
   866 | D:1      | 866 ||| READING scroll labelled NOISUILINE.
   867 | D:1      | 867 ||| READING 2 scrolls labelled GIANEI AFIPRI.
   871 | D:1      | 871 ||| READING scroll labelled MAGGAXKO CYPTA.
   872 | D:1      | 872 ||| DRINKING 2 dark potions.
   873 | D:1      | 873 ||| DRINKING 2 coppery potions.
   874 | D:1      | 874 ||| DROPPING scroll of poison.
   986 | D:2      | HP: 5/24 [poisoned by an adder]
   987 | D:2      | 987 ||| READING scroll of teleportation.
   987 | D:2      | HP: 2/24 [adder (2)]
   987 | D:2      | Slain by a kobold

Levels and vault maps discovered:
D:1:      mrwooster_arrival_statue_2, layout_basic, serial_shops, shop,
          chequers_ecumenical_altar_simple_redux
D:2:      layout_rooms, uniq_crazy_yiuf_cottage

Skill      XL: |  1  2 |
---------------+-------+-----
Ranged Weapons | 3 |  3.4
Fighting       | 2 |  2.0
Dodging        | |  2.1
Spellcasting   | |  1.0
Hexes          | |  2.0

Action                     || total
---------------------------++-------
   Fire: Sling             ||    64
    Use: Scroll            ||     5
         Potion            ||     2
 Armour: Robe              ||     2
         Ring mail         ||    17
  Dodge: Dodged            ||    17

Table legend:
 A = Non-vault XP
 B = Vault XP
 C = Vault XP percentage of total XP
 D = Non-vault monster count
 E = Vault monster count
 F = Vault count percentage of total count
                 A         B        C        D         E       F
            +---------+---------+-------+---------+---------+-------
      Total |      35 |       0 |   0.0 |      21 |       0 |   0.0
            +---------+---------+-------+---------+---------+-------
        D:1 |      24 |       0 |   0.0 |      15 |       0 |   0.0
        D:2 |      11 |       0 |   0.0 |       6 |       0 |   0.0
            +---------+---------+-------+---------+---------+-------
